 Dungeon Crawl Stone Soup version 0.26-a0-478-g6c97825307 (webtiles) character file.

Game seed: 2549588311452818811

191 Infinimo the Conjurer (level 5, 0/44 HPs)
             Began as a Hill Orc Conjurer on Aug 1, 2020.
             Slain by Eustachio
             ... wielding a +0 rapier
              (7 damage)
             ... on level 3 of the Dungeon.
             The game lasted 00:04:03 (3630 turns).

Infinimo the Conjurer (Hill Orc Conjurer)           Turns: 3630, Time: 00:04:04

Health: 0/44       AC:  3    Str: 10    XL:     5   Next: 70%
Magic:  1/8        EV: 12    Int: 19    God:
Gold:   214        SH:  0    Dex:  9    Spells: 8/9 levels left

rFire    . . .     SeeInvis .   h - +3 dagger (vamp)
rCold    . . .     Faith    .   (no shield)
rNeg     . . .     Spirit   .   a - +1 robe
rPois    .         Reflect  .   (no helmet)
rElec    .         Harm     .   (no cloak)
rCorr    .                      (no gloves)
MR       .....                  (no boots)
Stlth    ++........             (no amulet)
HPRegen  0.14/turn              (no ring)
MPRegen  0.11/turn              (no ring)

@: about to teleport, stab, flying
A: no striking features
a: no special abilities


You were on level 3 of the Dungeon.
You visited 1 branch of the dungeon, and saw 4 of its levels.

You collected 214 gold pieces.

Inventory:

Hand Weapons
 d - a +1 vorpal quarterstaff
 h - a +3 vampiric dagger (weapon)
Armour
 a - a +1 robe (worn)
Jewellery
 f - an uncursed ring of protection from fire {unknown}
Scrolls
 e - a scroll of identify
 j - a scroll of noise {unknown}
 k - 2 scrolls of remove curse {unknown}
 n - a scroll of blinking
Potions
 b - a potion of mutation
 g - 2 potions of magic
 i - a potion of flight
 m - a potion of might {unknown}


   Skills:
 + Level 2.9 Fighting
 - Level 1.5 Dodging
 - Level 1.5 Stealth
 + Level 2.5 Spellcasting
 * Level 5.5 Conjurations


You had 8 spell levels left.
You knew the following spells:

 Your Spells              Type           Power        Failure   Level
a - Magic Dart            Conj           ###.         1%          1

Your spell library contained the following spells:

 Spells                   Type           Power        Failure   Level
 Searing Ray              Conj           ###...       2%          2
 Dazzling Flash           Conj/Hex       ##....       16%         3
 Fulminant Prism          Conj/Hex       ##........   45%         4
 Iskenderun's Mystic Bla  Conj/Tloc      ##......     45%         4


Dungeon Overview and Level Annotations

Branches:
Dungeon (4/15)
 Temple: D:4-7

Altars:
Ashenzari
Ru
Uskayaw

Annotations:
D:3 Eustachio
D:4 Natasha


Message History

Confirm with . or Enter, or press ? or * to list all spells.
Aiming: Magic Dart (safe; 1% risk of failure)
Press: ? - help, Shift-Dir - straight line, f - bat
Aim: a bat (summoned)
The magic dart hits the bat.
You kill the bat!
The bat's corpse disappears in a puff of smoke!
Eustachio hits you with a +0 rapier.
As you read the scroll of teleportation, it crumbles to dust.
You feel strangely unstable. Eustachio hits you with a +0 rapier.
* * * LOW HITPOINT WARNING * * *
Eustachio hits you with a +0 rapier.
* * * LOW HITPOINT WARNING * * *
It was a potion of flight.
You feel very buoyant.
You fly up into the air.
It was a potion of stabbing.
You feel ready to backstab. Eustachio hits you with a +0 rapier!
You die...

#.<......####..#.##.##
#.###.##.#
#..............#.##.##
#.# #.....
####..##.#######.#...#
#.###.##..
......##.........>b..#
#.....##..
#........#######.#...#
#.######.. .####.####
#†##.## #.# #.. ## #.#
#.##.# ##.## ###..
#.###
#r##.###...###....
#...#
#@##..........(...
###.#
#@###.#######..##. #.#
#.# #.# #..##. #.# #.#
#.# #..##. # #.# #.#
#.# #..##. # #.# #.#
#.# #..... #######.#
#.# #.# #.###.
.....##.#
#.###.#######.# #.
####.##.#
#..##.........# #.


You could see Eustachio and a rat (summoned).

Vanquished Creatures
  Jessica (D:2)
  8 adders
  5 worms
  4 dart slugs
  4 leopard geckos
  6 giant cockroaches
  3 goblins
  3 hobgoblins
  8 jackals
  8 kobolds
  2 quokkas (D:3)
  9 bats
  5 frilled lizards
  9 rats
75 creatures vanquished.

Notes
Turn   | Place    | Note
-------+----------+-------------------------------------------
     0 | D:1      | Infinimo the Hill Orc Conjurer began the quest for the Orb.
     0 | D:1      | Reached XP level 1. HP: 14/14 MP: 3/3
   225 | D:1      | Reached XP level 2. HP: 22/22 MP: 2/4
   269 | D:1      | Reached skill level 1 in Fighting
   869 | D:2      | Reached XP level 3. HP: 28/28 MP: 0/5
  1105 | D:2      | Found a shattered altar of Ashenzari.
  1383 | D:2      | Reached XP level 4. HP: 35/36 MP: 0/7
  1518 | D:2      | Noticed Jessica
  1523 | D:2      | Killed Jessica
  1523 | D:2      | Reached skill level 5 in Conjurations
  2128 | D:3      | Reached XP level 5. HP: 42/42 MP: 4/8
  2336 | D:3      | Found a hide-covered altar of Uskayaw.
  2532 | D:3      | You fall into a shaft and drop 1 floor!
  2533 | D:4      | Noticed Natasha
  2533 | D:4      | Noticed Eustachio
  2551 | D:4      | Noticed an ogre
  3172 | D:3      | Found a sacrificial altar of Ru.
  3630 | D:3      | Slain by Eustachio

Illustrated notes

Levels and vault maps discovered:
D:1:      mainiacjoe_arrival_reflecting_pool, layout_loops_ring,
          minmay_pentomino_v4
D:2:      minmay_alternating_diamond, layout_basic, evilmike_ruin_ashenzari,
          uniq_jessica
D:3:      layout_loops_ring, eat_drink_and_be_merry_uskayaw, hex_medium,
          nicolae_ru_sacrificial_ziggurat
D:4:      layout_rooms, nemelex_spade_bored_becter, uniq_natasha, uniq_eustachio

Skill      XL: |  1  2  3  4 |
---------------+-------------+-----
Fighting       | 1 2 |  2.9
Spellcasting   | 2 |  2.5
Conjurations   | 5 |  5.5
Dodging        | |  1.5
Stealth        | |  1.5

Action                   |  1- 3 |  4- 6 || total
-------------------------+-------+-------++-------
Melee: Unarmed           |     9 |       ||     9
       Dagger            |    34 |    29 ||    63
 Cast: Magic Dart        |    58 |   107 ||   165
  Use: Scroll            |     3 |     8 ||    11
       Potion            |       |     2 ||     2
Armor: Robe              |     9 |    22 ||    31
Dodge: Dodged            |    36 |    65 ||   101

Table legend: (Time is in decaauts)
 A = Elapsed time spent in this place.
 B = Non-inter-level travel time spent in this place.
 C = Inter-level travel time spent in this place.
 D = Time resting spent in this place.
 E = Time spent auto-exploring this place.
 F = Levels seen in this place.
 G = Mean time per level.
                   A        B        C        D        E       F      G
               +--------+--------+--------+--------+--------+-----+--------+
         Total |   3636 |   3553 |     83 |     51 |   3038 |   4 |  909.0 |
       Dungeon |   3636 |   3553 |     83 |     51 |   3038 |   4 |  909.0 |
               +--------+--------+--------+--------+--------+-----+--------+

Top non-repeatable levels by time:
     D:3: 1485 daAuts
     D:2: 1275 daAuts
     D:1: 846 daAuts
     D:4: 29 daAuts
